AoeStats
← goatknobs

Arena

510009486Analyzed
2v2 RM · 4d ago on Sep 29, 2026· 59m 55s· 4 players
Game mode
Random Map
Map size
Medium (4 player)
Population
200
Speed
Normal
Resources
Standard
Victory
Conquest
Starting age
Dark Age
Ending age
Imperial Age
RankedLock teamsTeams togetherTeam positionsShared explorationLock speedFull tech treeHidden civsTurbo modeCheats
Victory
Defeat
🇻🇪 Byzantines · Venezuela
999
+17
🇺🇸 Saxons · United States
971
+18
🇦🇷 Tatars · Argentina
1043
-48
🇨🇳 Mongols · China
993
-16
goatknobs
10:19 Feudal Age
10:42 Loom
10:45 Loom
15:05 Castle Age
16:13 Double-Bit Axe
16:23 Horse Collar
17:04 Fletching
17:56 Crossbowman
21:31 Wheelbarrow
22:51 Bodkin Arrow
22:57 Padded Archer Armor
23:17 Town Watch
24:43 Ballistics
26:23 Bow Saw
27:28 Thumb Ring
31:12 Imperial Age
29:54 Elite Skirmisher
30:25 Gambesons
30:40 Squires
30:59 Leather Archer Armor
30:55 Forging
30:46 Scale Mail Armor
31:31 Hand Cart
31:17 Town Patrol
31:37 Arson
31:57 Gold Mining
31:57 Stone Mining
32:10 Heavy Plow
33:15 Bracer
33:33 Chain Mail Armor
35:34 Plate Mail Armor
35:52 Pikeman
37:44 Conscription
38:31 Chemistry
37:42 Masonry
37:16 Elite Hearth Troop
39:12 Iron Casting
39:16 Ring Archer Armor
40:36 Two-Man Saw
39:30 Shield Wall
42:41 Hoardings
41:38 Sappers
42:56 Architecture
42:31 Siege Engineers
42:24 Murder Holes
42:15 Arrowslits
46:24 Gold Shaft Mining
47:02 Halberdier
54:44 Elite Varangian Guard
erDUKE
12:59 Feudal Age
16:48 Castle Age
16:25 Double-Bit Axe
16:21 Horse Collar
16:32 Gold Mining
17:40 Bow Saw
18:06 Heavy Plow
21:36 Forging
21:26 Scale Mail Armor
22:12 Scale Barding Armor
23:02 Iron Casting
25:07 Loom
27:27 Chain Barding Armor
28:05 Fletching
28:41 Padded Archer Armor
30:15 Gold Shaft Mining
30:36 Leather Archer Armor
30:27 Bodkin Arrow
30:47 Leather Archer Armor
31:44 Wheelbarrow
32:38 Husbandry
32:33 Elite Skirmisher
35:02 Hand Cart
34:58 Stone Mining
36:02 Ballistics
35:24 Treadmill Crane
38:26 Imperial Age
40:10 Two-Man Saw
39:40 Crop Rotation
39:47 Plate Barding Armor
39:35 Conscription
38:41 Cavalier
40:02 Fervor
39:59 Bracer
40:29 Ring Archer Armor
40:58 Stone Shaft Mining
40:00 Paladin
43:14 Chemistry
44:49 Hoardings
44:27 Fortified Wall
45:13 Pikeman
45:40 Gambesons
45:55 Squires
48:42 Halberdier
49:09 Arson
53:52 Caravan
54:22 Coinage
54:06 Guilds
57:57 Banking
57:29 Capped Ram
Adriaan-M
6:09 Loom
9:06 Feudal Age
10:06 Double-Bit Axe
16:35 Castle Age
15:00 Horse Collar
15:36 Fletching
16:28 Padded Archer Armor
17:57 Bow Saw
22:03 Bloodlines
25:01 Bodkin Arrow
26:20 Wheelbarrow
25:32 Town Watch
26:19 Heavy Plow
27:41 Hand Cart
28:27 Ballistics
28:32 Leather Archer Armor
33:38 Imperial Age
31:17 Husbandry
33:53 Forging
33:49 Scale Barding Armor
33:20 Light Cavalry
34:52 Bracer
35:23 Ring Archer Armor
34:40 Heavy Cavalry Archer
36:30 Chemistry
36:37 Hussar
37:23 Gold Mining
39:11 Iron Casting
43:27 Blast Furnace
42:48 Chain Barding Armor
43:25 Silk Armor
47:41 Chain Barding Armor
58:04 Crop Rotation
派大宝
9:15 Feudal Age
16:43 Castle Age
16:39 Loom
19:12 Double-Bit Axe
19:09 Horse Collar
26:49 Wheelbarrow
31:43 Imperial Age
29:43 Fletching
30:05 Bloodlines
29:56 Husbandry
30:20 Padded Archer Armor
31:10 Hand Cart
30:41 Town Watch
31:40 Bodkin Arrow
32:01 Leather Archer Armor
32:12 Ballistics
31:58 Gold Mining
32:56 Conscription
32:05 Light Cavalry
34:29 Bracer
35:50 Forging
35:45 Scale Barding Armor
36:11 Bow Saw
35:55 Stone Mining
37:26 Parthian Tactics
38:25 Chain Barding Armor
38:54 Elite Mangudai
39:41 Hussar
41:15 Drill
41:50 Iron Casting
41:21 Capped Ram
42:56 Gold Shaft Mining
42:18 Siege Ram
44:23 Chemistry
45:04 Blast Furnace
Connection lost

Rejoining the realm…

Still unreachable

The connection could not be restored.

Session expired

The server has moved on; the page needs a fresh start.